 Dungeon Crawl Stone Soup version 0.30-a0-1075-gcd70e7a56d (webtiles) character file.

Game seed: 7823030267166520584

122246 bmack86 the Severer (level 16, -4/149 HPs)
             Began as a Minotaur Fighter on Apr 14, 2023.
             Was a High Priest of Okawaru.
             Slain by a goliath frog (10 damage)
             ... on level 1 of the Swamp.
             The game lasted 01:11:55 (24378 turns).

bmack86 the Severer (Minotaur Fighter)             Turns: 24378, Time: 01:11:56

Health: -4/149     AC: 25    Str: 28    XL:     16   Next: 34%
Magic:  23/23      EV:  6    Int:  4    God:    Okawaru [*****.]
Gold:   2864       SH: 13    Dex: 14    Spells: 15/15 levels left

rFire   . . .      SeeInvis .    m - +5 broad axe of Daviteo {vamp, rC++}
rCold   + + .      Faith    .    W - +0 buckler of Sorcery {Regen+ Int-4 Dex+3}
rNeg    + . .      Spirit   .    h - +8 orange crystal plate armour {Archmagi, Int+3 Clar}
rPois   +          Reflect  +    (helmet restricted)
rElec   +          Rampage  .    i - +2 cloak
rCorr   .          Archmagi +    v - +0 pair of gloves {Stlth+}
Will    +....      Clarity  +    J - -1 pair of boots of the Nexus {rElec rN+} Stlth
                                 l - amulet of reflection
HPRegen 1.24/turn                s - +4 ring of protection
MPRegen 0.18/turn                H - ring of poison resistance

@: corroded, studying 2 skills, very slow
A: horns 2, retaliatory headbutt
a: Renounce Religion, Heroism, Finesse, Duel


You were on level 1 of the Swamp.
You worshipped Okawaru.
Okawaru was extremely pleased with you.
You visited 5 branches of the dungeon, and saw 24 of its levels.
You also visited: Bailey, Ice Cave and Volcano.

You collected 3144 gold pieces.
You spent 280 gold pieces at shops.

Inventory:

Hand Weapons
 a - a +1 war axe of protection
 m - the +5 broad axe of Daviteo (weapon) {vamp, rC++}
   (Okawaru gifted it to you on level 2 of the Lair of Beasts)

   rC:        It greatly protects you from cold.
Missiles
 z - 33 poisoned darts
 A - 5 silver javelins
 D - 11 boomerangs (quivered)
 F - 4 throwing nets
 L - 3 javelins
Armour
 h - the +8 orange crystal plate armour (worn) {Archmagi, Int+3 Clar}
   (You found it on level 3 of the Lair of Beasts)

   Int:       It affects your intelligence (+3).
   Clar:      It protects you against confusion.
 i - a +2 cloak (worn)
 r - a scarf of resistance
 v - a +0 pair of gloves of stealth (worn)
 J - the -1 pair of boots of the Nexus (worn) {rElec rN+}
   (You acquired it on level 2 of the Orcish Mines)

   rElec:     It insulates you from electricity.
   rN:        It protects you from negative energy.
 W - the +0 buckler of Sorcery (worn) {Regen+ Int-4 Dex+3}
   (Okawaru gifted it to you on level 14 of the Dungeon)

   Int:       It affects your intelligence (-4).
   Dex:       It affects your dexterity (+3).
   Regen:     It increases your rate of health regeneration.
Jewellery
 b - a +4 ring of protection
 l - an amulet of reflection (around neck)
 q - an amulet of faith
 s - a +4 ring of protection (left hand)
 u - a ring of ice
 y - a +6 ring of intelligence
 B - a ring of fire
 C - a +6 ring of intelligence
 H - a ring of poison resistance (right hand)
 K - a ring of flight
 T - a ring of see invisible
Wands
 c - a wand of iceblast (7)
 n - a wand of flame (6)
Scrolls
 e - a scroll of silence
 p - 9 scrolls of teleportation
 w - 4 scrolls of fog
 M - a scroll of brand weapon
 Q - 2 scrolls of enchant weapon
 R - 5 scrolls of fear
Potions
 d - 4 potions of might
 f - 9 potions of curing
 g - 4 potions of magic
 j - a potion of invisibility
 k - 2 potions of berserk rage
 t - 2 potions of ambrosia
 x - a potion of cancellation
 E - 3 potions of brilliance
 G - 5 potions of haste
 I - 5 potions of heal wounds
 N - a potion of flight
 O - a potion of resistance


   Skills:
 + Level 15.0 Fighting
 - Level 18.0 Axes
 - Level 10.0 Throwing
 + Level 15.0 Armour
 + Level 15.0 Shields
 + Level 11.9 Invocations


You had 15 spell levels left.
You didn't know any spells.
Your spell library contained the following spells:

 Spells                   Type           Power      Damage    Failure   Level
 Beastly Appendage        Tmut           0%         N/A       100%        1
 Wereblood                Tmut           0%         N/A       100%        2
 Frozen Ramparts          Ice            0%         1d1       100%        3
 Gell's Gravitas          Tloc           0%         N/A       100%        3
 Hailstorm                Conj/Ice       0%         3d3       100%        3
 Spider Form              Tmut/Pois      0%         N/A       100%        3
 Teleport Other           Tloc           0%         N/A       100%        3
 Cause Fear               Hex            0%         N/A       100%        4
 Ice Form                 Ice/Tmut       0%         N/A       100%        4
 Leda's Liquefaction      Hex/Erth       0%         N/A       100%        4
 Manifold Assault         Tloc           0%         N/A       100%        4
 Iskenderun's Battlesphe  Conj           0%         2d6       100%        5
 Lee's Rapid Deconstruct  Erth           0%         3d4*      100%        5
 Dispersal                Tloc           0%         N/A       100%        6
 Iron Shot                Conj/Erth      0%         9d1       100%        6
 Statue Form              Tmut/Erth      0%         N/A       100%        6
 Dragon Form              Tmut           0%         N/A       100%        7
 Disjunction              Tloc           0%         N/A       100%        8
 Summon Ice Beast         Ice/Summ       Unusable   N/A       N/A         4
 Simulacrum               Ice/Necr       Unusable   N/A       N/A         6
 Spellforged Servitor     Conj/Summ      Unusable   N/A       N/A         7
 Dragon's Call            Summ           Unusable   N/A       N/A         9

Dungeon Overview and Level Annotations

Branches:
Dungeon (15/15)            Temple (1/1) D:4            Lair (5/5) D:11
  Swamp (1/4) Lair:3       Spider (0/4) Lair:3        Slime (0/5) Lair:5
    Orc (2/2) D:11            Elf (0/3) Orc:2        Vaults (0/5) D:14
 Depths (0/4) D:15         Bailey (visited)           IceCv (visited)
Volcano (visited)

Altars:
Ashenzari
Cheibriados
Dithmenos
Elyvilon
Fedhas
Gozag
Hepliaklqana
Kikubaaqudgha
Makhleb
Nemelex Xobeh
Okawaru
Qazlal
Ru
Sif Muna
Trog
Uskayaw
Vehumet
Wu Jian
Xom
Yredelemnul
Zin
The Shining One

Shops:
D:4 *   Orc:2 ((*:

Portals:
Hell: Lair:5

Annotations:
Swamp:1 Josephine


Innate Abilities, Weirdness & Mutations

You have a pair of horns on your head.
You reflexively headbutt those who attack you in melee.


Message History

Josephine hits you with a +0 dagger.
* * * LOW HITPOINT WARNING * * *
The alligator bites you but does no damage.
The alligator barely misses you. The goliath frog closely misses you.
Blink to where?
Press: ? - help, Dir - move target A swamp worm comes into view.
Found a long sword and an amulet of the acrobat.
Found a stone staircase leading down.
As you read the scroll of blinking, it crumbles to dust.
The spriggan rider throws a curare-tipped dart.
You block the curare-tipped dart with an invisible shield... and reflect it back!
The curare-tipped dart hits the spriggan rider.
The spriggan rider is poisoned.
The spriggan rider convulses.
The spriggan rider seems to slow down.
The swamp worm fires a harpoon shot at you.
The harpoon shot hits you but does no damage.
Found a dagger.
The swamp worm fires a harpoon shot at you.
The harpoon shot hits you.
* * * LOW HITPOINT WARNING * * *
You are yanked forward by the harpoon shot.
You enter the shallow water.
Moving in this stuff is going to be slow.
The swamp worm fires a harpoon shot at you.
The harpoon shot hits you.
* * * LOW HITPOINT WARNING * * *
You are yanked forward by the harpoon shot.
The swamp worm attacks as you move away!
The swamp worm bites you!
* * * LOW HITPOINT WARNING * * *
You enter the shallow water.
Moving in this stuff is going to be slow.
You block the spriggan rider's attack.
Your unstable footing causes you to fumble your attack.
The goliath frog hits you but does no damage.
The spriggan rider hits you with a +0 spear.
* * * LOW HITPOINT WARNING * * *
You block the swamp worm's attack. The goliath frog hits you from afar!
You die...

§~~.~~§.♣ ..~~
~~~....~♣♣...~~~....♣♣
~~§.♣♣.<†.....~§~~~.~
~ ♣..@~~.~.~~~~~~♣
♣...it~....~~~~~~♣
♣♣♣♣......W..§~~.♣
.~i@.i..."~~~.♣
.♣~...t.F~~~..♣ ♣F
..t♣.iFi@w.~♣ ♣.
..♣♣.>.>..~♣♣
♣.~..~~)~~.....♣
...~~..♣......♣
.......~♣♣♣~♣♣♣
.~~...~~ ♣♣♣ §~§..~~
~~~..~~ ~§..~~)


You could see an alligator (swift), Josephine, 3 spriggan riders, 2 goliath
frogs, a swamp worm and a wraith.

Vanquished Creatures
  Kirke (Lair:3)
  An azure jelly (IceCv)
  Roxanne (D:14)
  2 quicksilver oozes (IceCv)
  2 stone giants
  Nessos (Lair:3)
  Harold (Orc:1)
  8 hydras
  The ghost of billz999 the Destroyer, a journeyman GrEE of Nemelex Xobeh (Lair:3)
  5 centaur warriors
  A catoblepas (D:13)
  A death knight (D:14)
  5 boulder beetles
  2 tengu warriors
  A deep troll earth mage (D:12)
  2 two-headed ogres
  3 orc high priests (Orc:2)
  The ghost of TheSexyCheese the Magician, a novice GnFE of Cheibriados (D:8)
  A sun demon (Lair:5)
  4 skysharks
  Pikel (D:5)
  3 wizards
  6 orc knights
  An oklob plant (Lair:2)
  23 ugly things
  5 orc sorcerers
  6 cyclopes
  2 deep elf pyromancers
  2 manticores (D:15)
  11 elephants
  7 black mambas
  2 ice statues (IceCv)
  2 gargoyles (Volcano)
  15 cane toads
  3 kobold demonologists (D:11)
  A freezing wraith (D:15)
  7 komodo dragons
  9 rime drakes
  2 unseen horrors
  A yaktaur (D:15)
  A tengu conjurer (D:14)
  An efreet (Volcano)
  A red devil (Lair:5)
  6 ice devils
  A hellwing (Lair:5)
  2 tyrant leeches (Lair:3)
  5 trolls
  12 blink frogs
  Prince Ribbit (D:9)
  Grinder (D:5)
  4 dream sheep (Lair:2)
  A jumping spider (Lair:3)
  24 slime creatures
  2 shadows (D:9)
  4 wraiths
  2 vampires
  Grum (Bailey)
  A wyvern (Lair:4)
  44 yaks
  4 basilisks
  7 hogs (Lair:3)
  6 vampire mosquitoes
  2 fire elementals (Volcano)
  Menkaure (D:6)
  A steam dragon (D:9)
  3 wargs
  2 acid dragons
  5 hell hounds (Lair:5)
  2 swamp worms (Lair:3)
  7 water moccasins
  Duvessa (D:7)
  29 orc warriors
  7 ice beasts
  5 great orb of eyes simulacra (IceCv)
  12 ogres
  A phantom (D:4)
  28 wolves
  3 slime creature simulacra (IceCv)
  9 centaurs
  2 kobold brigands
  9 bullfrogs
  7 gnoll sergeants
  3 glowing shapeshifter simulacra (IceCv)
  2 scorpions
  7 wights (D:9)
  Dowan (D:7)
  13 killer bees
  3 howler monkeys
  An electric eel (D:12)
  4 hounds
  11 gnoll boudas
  3 jellies
  19 orc priests
  An iguana (D:4)
  35 orc wizards
  A shapeshifter simulacrum (IceCv)
  Robin (D:2)
  26 gnolls
  5 adders
  An ufetubus (D:6)
  4 worms
  A dart slug (D:1)
  67 orcs
  5 endoplasms
  3 giant cockroaches
  17 goblins
  10 hobgoblins
  6 jackals
  3 quokkas
  5 ball pythons
  5 bats
  2 frilled lizards
  8 kobolds
  6 rats
699 creatures vanquished.

Vanquished Creatures (others)
  A quicksilver ooze (IceCv)
  A wizard (D:14)
  18 fungi
  28 plants
48 creatures vanquished.

Grand Total: 747 creatures vanquished

Notes
Turn   | Place    | Note
-------+----------+-------------------------------------------
     0 | D:1      | bmack86 the Minotaur Fighter began the quest for the Orb.
     0 | D:1      | Reached XP level 1. HP: 19/19 MP: 0/0
   100 | D:1      | Reached XP level 2. HP: 27/27 MP: 1/1
   200 | D:1      | Reached skill level 3 in Axes
   748 | D:2      | Reached XP level 3. HP: 33/33 MP: 2/2
   791 | D:2      | Reached XP level 4. HP: 36/40 MP: 3/3
   984 | D:2      | Noticed Robin
   987 | D:2      | Reached skill level 4 in Axes
   994 | D:2      | Killed Robin
  1040 | D:2      | Found a radiant altar of Vehumet.
  1073 | D:2      | Found a faded altar of an unknown god.
  1524 | D:3      | Reached XP level 5. HP: 46/47 MP: 4/4
  1546 | D:3      | Found an iron altar of Okawaru.
  1575 | D:3      | Became a worshipper of Warmaster Okawaru
  1734 | D:3      | Found an ornate altar of the Wu Jian Council.
  2056 | D:3      | Reached skill level 5 in Axes
  2351 | D:4      | Found a staircase to the Ecumenical Temple.
  2362 | Temple   | Entered the Ecumenical Temple
  2693 | D:4      | Noticed a phantom
  2704 | D:4      | Killed a phantom
  2705 | D:4      | Reached skill level 1 in Invocations
  2705 | D:4      | Reached XP level 6. HP: 38/55 MP: 5/5
  2708 | D:4      | Reached skill level 5 in Fighting
  2708 | D:4      | Reached skill level 5 in Armour
  2708 | D:4      | Reached skill level 5 in Shields
  2814 | D:4      | Found Keteng's Gadget Gallery.
  3083 | D:5      | Entered Level 5 of the Dungeon
  3162 | D:5      | Noticed Pikel
  3187 | D:5      | Killed Pikel
  3187 | D:5      | Reached * piety under Okawaru
  3188 | D:5      | Reached skill level 6 in Axes
  3188 | D:5      | Reached XP level 7. HP: 48/62 MP: 6/8
  3259 | D:5      | Reached skill level 7 in Axes
  3310 | D:5      | Noticed Grinder
  3318 | D:5      | Reached XP level 8. HP: 65/70 MP: 9/9
  3322 | D:5      | Killed Grinder
  3436 | D:5      | Reached ** piety under Okawaru
  4174 | D:6      | Noticed Menkaure
  4180 | D:6      | Killed Menkaure
  4181 | D:6      | Reached skill level 1 in Throwing
  4778 | D:7      | Noticed Duvessa
  4778 | D:7      | Noticed Dowan
  4786 | D:7      | Killed Dowan
  4787 | D:7      | Reached skill level 8 in Axes
  4792 | D:7      | Killed Duvessa
  5162 | D:7      | Reached XP level 9. HP: 67/78 MP: 10/10
  6044 | D:8      | Reached *** piety under Okawaru
  6045 | D:8      | Reached skill level 9 in Axes
  6062 | D:8      | Found a hide-covered altar of Uskayaw.
  6062 | D:8      | Noticed a +0 spear
  6062 | D:8      | Noticed a +0 falchion
  6062 | D:8      | Noticed a +0 falchion
  6062 | D:8      | Noticed a +0 dagger
  6063 | D:8      | Noticed a +0 short sword
  6064 | D:8      | Noticed a +0 dagger
  6064 | D:8      | Noticed a +0 short sword
  6065 | D:8      | Noticed a +0 spear
  6164 | D:8      | Noticed a two-headed ogre
  6175 | D:8      | Killed a two-headed ogre
  6329 | D:8      | Found a flagged portal.
  6337 | D:8      | Reached **** piety under Okawaru
  6344 | Bailey   | Entered a bailey
  6439 | Bailey   | Reached skill level 5 in Invocations
  6502 | Bailey   | Reached skill level 10 in Axes
  6580 | Bailey   | Reached XP level 10. HP: 64/88 MP: 10/12
  6829 | Bailey   | Noticed Grum
  6893 | Bailey   | Killed Grum
  7527 | D:8      | Noticed TheSexyCheese's ghost (novice GnFE)
  7529 | D:8      | Found a transporter.
  7536 | D:8      | Found a transporter.
  7662 | D:9      | Reached skill level 5 in Throwing
  7730 | D:9      | Noticed a cyclops
  7730 | D:9      | Noticed a cyclops
  7740 | D:9      | Noticed a boulder beetle
  7742 | D:9      | Received a gift from Okawaru
  7745 | D:9      | Noticed a cyclops
  7748 | D:9      | Killed a cyclops
  7751 | D:9      | Killed a cyclops
  7751 | D:9      | Noticed a wizard
  7752 | D:9      | Reached skill level 11 in Axes
  7763 | D:9      | Killed a boulder beetle
  7763 | D:9      | Received a gift from Okawaru
  7766 | D:9      | Killed a cyclops
  7786 | D:9      | Killed a wizard
  7786 | D:9      | Reached ***** piety under Okawaru
  7787 | D:9      | Reached XP level 11. HP: 23/95 MP: 14/14
  8061 | D:9      | Received a gift from Okawaru
  8572 | D:9      | Noticed Prince Ribbit
  8582 | D:9      | Killed Prince Ribbit
  8882 | D:9      | Found a white marble altar of Elyvilon.
  8914 | D:10     | Entered Level 10 of the Dungeon
  9074 | D:10     | Reached skill level 12 in Axes
  9076 | D:10     | Noticed a deep elf pyromancer
  9090 | D:10     | Killed a deep elf pyromancer
  9324 | D:10     | Found a shadowy altar of Dithmenos.
  9844 | D:11     | Noticed a soul eater
  9854 | D:11     | Received a gift from Okawaru
 10010 | D:11     | Reached skill level 13 in Axes
 10170 | D:11     | Found a staircase to the Lair.
 10208 | D:11     | Noticed a deep elf pyromancer
 10208 | D:11     | Noticed a boulder beetle
 10208 | D:11     | Noticed an orc knight
 10209 | D:11     | Noticed a deep elf pyromancer
 10213 | D:11     | Noticed a fire crab
 10213 | D:11     | a fire crab changed into a death drake
 10213 | D:11     | Noticed a death drake (shapeshifter)
 10254 | D:11     | Reached XP level 12. HP: 103/106 MP: 16/16
 10303 | D:11     | Found a staircase to the Orcish Mines.
 10622 | D:11     | Noticed a two-headed ogre
 10629 | D:11     | Killed a two-headed ogre
 10629 | D:11     | Received a gift from Okawaru
 10630 | D:11     | Reached skill level 10 in Fighting
 10630 | D:11     | Reached skill level 10 in Armour
 10630 | D:11     | Reached skill level 10 in Shields
 11179 | D:12     | Noticed a centaur warrior
 11200 | D:12     | Killed a centaur warrior
 11329 | D:12     | Noticed a deep troll earth mage
 11375 | D:12     | Killed a deep troll earth mage
 12023 | D:13     | Noticed a catoblepas
 12071 | D:13     | Killed a catoblepas
 12075 | D:13     | Reached skill level 14 in Axes
 12362 | D:13     | Noticed a centaur warrior
 12382 | D:13     | Killed a centaur warrior
 12903 | D:14     | Noticed a four-headed hydra
 12917 | D:14     | Killed a 13-headed hydra
 12927 | D:14     | Noticed Roxanne
 12972 | D:14     | Noticed a tengu warrior
 12991 | D:14     | Identified the +0 buckler of Sorcery {Regen+ Int-4 Dex+3}
                  | (Okawaru gifted it to you on level 14 of the Dungeon)
 12991 | D:14     | Received a gift from Okawaru
 12992 | D:14     | Reached skill level 10 in Throwing
 13004 | D:14     | Killed a tengu warrior
 13227 | D:14     | Noticed a six-headed hydra
 13335 | Lair:1   | Entered Level 1 of the Lair of Beasts
 13382 | Lair:1   | Reached XP level 13. HP: 109/116 MP: 18/18
 13571 | Lair:1   | Reached skill level 15 in Axes
 13861 | Lair:1   | Reached XP level 14. HP: 125/125 MP: 19/19
 13886 | Lair:1   | You fall into a shaft and drop 1 floor!
 13942 | Lair:2   | Reached skill level 16 in Axes
 14005 | Lair:2   | Received a gift from Okawaru
 14073 | Lair:2   | Found a dark tunnel.
 14085 | Volcano  | Entered a volcano
 14216 | Volcano  | Noticed a stone giant
 14235 | Volcano  | Killed a stone giant
 14654 | Lair:2   | Identified the +5 broad axe of Daviteo {vamp, rC++}
                  | (Okawaru gifted it to you on level 2 of the Lair of Beasts)
 14654 | Lair:2   | Received a gift from Okawaru
 15185 | Lair:3   | Found a hole to the Spider Nest.
 15289 | Lair:3   | Noticed Kirke
 15307 | Lair:3   | Killed Kirke
 15605 | Lair:3   | Noticed billz999's ghost (journeyman GrEE)
 15608 | Lair:3   | Found the +8 orange crystal plate armour {Archmagi, Int+3
                  | Clar}
 15610 | Lair:3   | Found a runed translucent gate.
 15611 | Lair:3   | Found a runed translucent gate.
 15611 | Lair:3   | Found a runed translucent gate.
 15647 | Lair:3   | Killed billz999's ghost
 16228 | Lair:3   | Found a staircase to the Swamp.
 16236 | Lair:3   | Noticed Nessos
 16254 | Lair:3   | Killed Nessos
 16255 | Lair:3   | Reached skill level 17 in Axes
 16806 | Lair:4   | Identified the +4 war axe "Ankop" {holy, rCorr MP-9 Str+3}
 16851 | Lair:4   | Received a gift from Okawaru
 16860 | Lair:4   | Reached XP level 15. HP: 134/134 MP: 21/21
 17570 | Lair:5   | Entered Level 5 of the Lair of Beasts
 17807 | Lair:5   | Received a gift from Okawaru
 17808 | Lair:5   | Reached skill level 10 in Invocations
 17874 | Lair:5   | Found a burning altar of Makhleb.
 17919 | Lair:5   | Found a gateway to Hell.
 18134 | Lair:5   | Found a staircase to the Slime Pits.
 18140 | Lair:5   | Reached skill level 18 in Axes
 18854 | Lair:1   | Found a white marble altar of Elyvilon.
 19007 | Orc:1    | Entered Level 1 of the Orcish Mines
 19127 | Orc:1    | Noticed Harold
 19145 | Orc:1    | Killed Harold
 19687 | Orc:2    | Entered Level 2 of the Orcish Mines
 19739 | Orc:2    | Found a staircase to the Elven Halls.
 19848 | Orc:2    | Found a frozen archway.
 19870 | IceCv    | Entered an ice cave
 20079 | IceCv    | Found a viscous altar of Jiyva.
 20079 | IceCv    | Noticed an azure jelly
 20088 | IceCv    | Killed an azure jelly
 20173 | IceCv    | Identified the ring "Aheitic" {Fire rPois Will- Int+9
                  | Slay-4}
 20804 | Orc:2    | Received a gift from Okawaru
 20877 | Orc:2    | Found Kuqun's Book Emporium.
 20877 | Orc:2    | Found Sawut's Antique Weapon Boutique.
 20881 | Orc:2    | Found Ymaudwue's Assorted Antiques.
 20881 | Orc:2    | Found Pitepyh's Antique Weapon Boutique.
 20897 | Orc:2    | Bought a scroll labelled IFOUGR TASCHICH for 35 gold pieces
 20897 | Orc:2    | Bought a glowing emerald ring for 175 gold pieces
 20897 | Orc:2    | Bought a scroll of identify for 70 gold pieces
 20900 | Orc:2    | Acquired the -1 pair of boots of the Nexus {rElec rN+}
 21339 | D:8      | Killed TheSexyCheese's ghost
 22101 | D:14     | Received a gift from Okawaru
 22268 | D:14     | Reached XP level 16. HP: 147/147 MP: 23/23
 22386 | D:14     | Found a gate to the Vaults.
 22736 | D:14     | Killed Roxanne
 22800 | D:14     | Found an ornate altar of the Wu Jian Council.
 23246 | D:15     | Entered Level 15 of the Dungeon
 23671 | D:15     | Found a staircase to the Depths.
 23943 | D:15     | Reached skill level 15 in Armour
 23949 | D:15     | Received a gift from Okawaru
 24024 | D:15     | Reached skill level 15 in Fighting
 24351 | Swamp:1  | Entered Level 1 of the Swamp
 24351 | Swamp:1  | Noticed Josephine
 24358 | Swamp:1  | Reached skill level 15 in Shields
 24371 | Swamp:1  | HP: 4/149 [acid (8)]
 24377 | Swamp:1  | HP: 7/149 [swamp worm (13)]
 24378 | Swamp:1  | Slain by a goliath frog

Illustrated notes

Levels and vault maps discovered:
D:1:      heliophobic_arrival_glass_houses, layout_basic
D:2:      layout_rooms, basic_altar, hellmonk_ecumenical_altar_arch_garden,
          minmay_statues_item, uniq_robin
D:3:      layout_basic, mainiacjoe_overflow_small_starburst,
          lemuel_coloured_pillars_altar, kennysheep_small_spiral, fountainhead
D:4:      layout_basic, temple_statues, nicolae_shop_gadgets
D:5:      layout_loops_cross, lightli_corner_chamber, uniq_grinder, uniq_pikel
D:6:      layout_loops_ring, uniq_menkaure
D:7:      layout_layer_cave, minmay_misc_feat_more_columns, uniq_duvessa
D:8:      layout_loops_ring, nicolae_uskayaw_en_pointe, enter_bailey_6,
          gammafunk_ghost_smash, minmay_manual_mail
D:9:      minmay_the_grid_square_5x5_3x3 [minmay_the_grid_square_5x5_three,
          minmay_the_grid_square_5x5_six_small,
          minmay_the_grid_square_5x5_two_walls_b,
          minmay_the_grid_square_5x5_bite,
          minmay_the_grid_square_5x5_megaprize_checkered,
          minmay_the_grid_square_5x5_eight_small,
          minmay_the_grid_square_5x5_spiral_small,
          minmay_the_grid_square_5x5_trominoes, minmay_the_grid_square_5x5_v],
          layout_cave_pools, nicolae_elyvilon_temple_path,
          kennysheep_generic_room_10, uniq_prince_ribbit1, uniq_grum
D:10:     layout_basic, nicolae_dithmenos_the_darkroom, serial_glass,
          glass_columns_b, glass_columns_a, glass_columns_a, glass_columns_a,
          glass_columns_a, glass_columns_a, minmay_strange_pillars,
          item_on_display_a
D:11:     layout_irregular_city, hellmonk_lair_entry_icy,
          minmay_orc_entry_temple_small, minivault_12
D:12:     layout_loops_cross, kennysheep_island_fort
D:13:     layout_cave_pods
D:14:     layout_stronghold, david_vaults_4, nicolae_wu_jian_wuxing_cycle,
          minmay_puff, uniq_roxanne
D:15:     grunt_enter_depths_giant_problem, layout_stronghold,
          minmay_misc_feat_square
Temple:   bh_familiar_temple
Lair:1:   layout_regular_city, basic_altar, infiniplex_staircase_pool_2,
          grunt_megastairs_4
Lair:2:   layout_cave_pods, nicolae_volcano_entry_s_turn, guppyfry_lair_drakes,
          infiniplex_staircase_pool
Lair:3:   layout_layer_cave, minmay_swamp_entry_worms, spider_nest_entry_rubble,
          gammafunk_ghost_split, chequers_serial_rivers_micro_c,
          chequers_serial_rivers_room_b, uniq_kirke, uniq_nessos
Lair:4:   layout_small_grid, grunt_megastairs_2
Lair:5:   evil_forest, layout_loops_ring, slime_entry_1
Swamp:1:  layout_basic_swamp, hangedman_swamp_cone, swamp_pool3, uniq_josephine
Orc:1:    minmay_goldmine, layout_diamond_mine, uniq_harold
Orc:2:    grunt_orc_tribal_feast, layout_caves, basic_altar,
          portal_ice_cave_demonic_guard, minmay_orc_temple_b

Skill      XL: |  1  2  3  4  5  6  7  8  9 10 11 12 13 14 15 16 |
---------------+-------------------------------------------------+-----
Axes           | 3 4 5 6 7 8 10 11 13 14 15 17 18 | 18.0
Shields        | 4 5 6 7 8 9 10 11 12 14 15 | 15.0
Fighting       | 4 5 6 7 8 9 11 12 14 15 | 15.0
Armour         | 4 5 6 7 8 9 11 12 14 15 | 15.0
Invocations    | 1 2 3 5 6 7 8 9 11 | 11.9
Throwing       | 2 4 6 8 10 | 10.0

Action                     |  1- 3 |  4- 6 |  7- 9 | 10-12 | 13-15 | 16-18 || total
---------------------------+-------+-------+-------+-------+-------+-------++-------
  Melee: War axe           |    64 |   155 |   205 |   621 |   172 |       ||  1217
         Headbutt          |     3 |    21 |    36 |   137 |   248 |    62 ||   507
         Broad axe         |       |       |       |       |   741 |   209 ||   950
         Unarmed           |       |       |       |       |    11 |       ||    11
  Throw: Boomerang         |       |       |       |    26 |    10 |       ||    36
 Invoke: Heroism           |       |       |     3 |     8 |    11 |       ||    22
         Finesse           |       |       |       |     2 |     4 |       ||     6
    Use: Scroll            |     4 |     5 |     9 |     8 |    10 |     1 ||    37
         Potion            |       |       |       |       |     1 |     2 ||     3
 Armour: Scale mail        |    14 |       |       |       |       |       ||    14
         Chain mail        |    11 |    86 |     3 |   533 |   217 |       ||   850
         Plate armour      |       |       |   161 |    17 |       |       ||   178
         Crystal plate arm |       |       |       |       |   478 |   255 ||   733
         Skin              |       |       |       |       |     4 |       ||     4
  Dodge: Dodged            |    35 |    49 |    83 |   218 |   257 |    58 ||   700
  Block: Buckler           |    33 |    71 |   150 |   424 |   610 |   139 ||  1427
         Reflection        |     2 |     2 |     5 |    16 |    15 |     8 ||    48

Table legend: (Time is in decaauts)
 A = Elapsed time spent in this place.
 B = Non-inter-level travel time spent in this place.
 C = Inter-level travel time spent in this place.
 D = Time resting spent in this place.
 E = Time spent auto-exploring this place.
 F = Levels seen in this place.
 G = Mean time per level.
                   A        B        C        D        E       F      G
               +--------+--------+--------+--------+--------+-----+--------+
         Total |  24031 |  22414 |   1617 |    729 |  15050 |  27 |  890.0 |
       Dungeon |  15346 |  14178 |   1168 |    336 |  10018 |  15 | 1023.1 |
        Temple |    193 |    167 |     26 |      0 |    166 |   1 |  193.0 |
          Lair |   5352 |   5107 |    245 |     14 |   3862 |   5 | 1070.4 |
         Swamp |     22 |     22 |      0 |      0 |      0 |   1 |   22.0 |
  Orcish Mines |   1630 |   1453 |    177 |      0 |    709 |   2 |  815.0 |
        Bailey |    773 |    773 |      0 |    323 |     88 |   1 |  773.0 |
      Ice Cave |    473 |    473 |      0 |     56 |     76 |   1 |  473.0 |
       Volcano |    239 |    239 |      0 |      0 |    131 |   1 |  239.0 |
               +--------+--------+--------+--------+--------+-----+--------+

Top non-repeatable levels by time:
    D:14: 1658 daAuts
     D:7: 1422 daAuts
    D:11: 1394 daAuts
  Lair:3: 1386 daAuts
    D:12: 1283 daAuts
     D:9: 1283 daAuts
    D:13: 1232 daAuts
  Lair:4: 1055 daAuts
  Lair:2: 1043 daAuts
     D:3: 978 daAuts
  Lair:1: 965 daAuts
     D:8: 933 daAuts
    D:15: 918 daAuts
  Lair:5: 901 daAuts
     D:5: 864 daAuts
